 Dungeon Crawl Stone Soup version 0.17-a0-1479-g4041c36 (webtiles) character file.

131 pulse the Chopper (level 5, -2/42 HPs)
             Began as a Formicid Berserker on July 3, 2015.
             Was a Believer of Trog.
             Slain by an adder (3 damage)
             ... in a sewer.
             The game lasted 00:04:02 (2684 turns).

pulse the Chopper (Formicid Berserker)              Turns: 2684, Time: 00:04:03

Health: -2/42      AC:  9    Str: 28      XL:     5   Next: 37%
Magic:  5/5        EV:  9    Int:  6      God:    Trog [**....]
Gold:   43         SH:  0    Dex:  9 (10) Spells: 0 memorised, 4 levels left

rFire  x . .     SeeInvis +     a - +0 hand axe
rCold  + . .     Clarity  .     h - +0 chain mail
rNeg   . . .     SustAt   .     (no shield)
rPois  .         Gourm    .     (helmet unavailable)
rElec  .         Spirit   .     (no cloak)
rCorr  .         Warding  .     (no gloves)
rMut   .         Stasis   +     (no boots)
MR     .....                    (no amulet)
Stlth  ..........               g - ring of stealth
                                e - ring of ice

@: mighty, not resistant to hostile enchantments, extremely unstealthy
A: permanent stasis, dig shafts and tunnels, four strong arms, antennae 3,
hooves 1, shaggy fur 1, no device heal 1
a: Dig, Shaft Self, Burn Spellbooks, Trog's Hand, Renounce Religion


You were in a sewer.
You worshipped Trog.
Trog was pleased with you.
You were not hungry.

You visited 1 branch of the dungeon, and saw 3 of its levels.
You also visited: Sewer.

You collected 43 gold pieces.

Inventory:

Hand weapons
 a - a +0 hand axe (weapon)
Armour
 b - a +0 animal skin
 h - a +0 chain mail (worn)
Jewellery
 e - a ring of ice (left hand)
 g - a ring of stealth (right hand)
Scrolls
 d - a scroll of teleportation {unknown}
 f - a scroll of amnesia {unknown}
 i - a scroll of fog {unknown}
 k - a scroll of remove curse {unknown}
Comestibles
 c - 2 meat rations


   Skills:
 + Level 3.8 Fighting
 * Level 5.2 Axes
 + Level 2.5 Armour
 - Level 1.7 Dodging


You had 4 spell levels left.
You didn't know any spells.

Dungeon Overview and Level Annotations

Branches:
Dungeon (3/15)

Altars:
Elyvilon


Innate Abilities, Weirdness & Mutations

You are under a permanent stasis effect.
You can dig through walls and to a lower floor.
Your four strong arms can wield two-handed weapons with a shield.
You have a pair of large antennae on your head (SInv).
You have large cloven feet.
You are covered in fur (AC +1).
Potions and wands are less effective at restoring your health.


Message History

The adder poisons you!
Drink which item? (? for menu, Esc to quit)
You feel better. The adder bites you.
* * * LOW HITPOINT WARNING * * *
You closely miss the adder. Your kick misses the adder.
The adder is almost dead.
The adder barely misses you.
Your unstable footing causes you to fumble your attack.
The adder bites you but does no damage. The adder bites you.
* * * LOW HITPOINT WARNING * * *
Drink which item? (? for menu, Esc to quit)
It was a potion of degeneration.
There was something very wrong with that liquid.
You feel clumsy. The adder closely misses you.
Drink which item? (? for menu, Esc to quit)
It was a potion of might.
You feel very mighty all of a sudden. The adder bites you.
You die...

# ##### #≈.
##...##
...≈.#####.≈...#
...≈.≈S@≈≈.....#
≈≈...#####≈..≈≈#
#.. ##.≈.## #
##≈## #≈# #≈#
##≈## #####
##≈≈.## ##≈≈.#
##≈..∩≈####..≈.≈


You could see an adder.

Vanquished Creatures
  6 adders
  2 oozes (Sewer)
  3 worms
  3 giant geckos (D:3)
  3 ball pythons
  5 bats
  4 giant cockroaches
  8 goblins
  5 hobgoblins
  4 jackals (D:1)
  8 kobolds
  A quokka (D:2)
  3 giant newts
  5 rats
60 creatures vanquished.

Notes
Turn   | Place    | Note
--------------------------------------------------------------
     0 | D:1      | pulse the Formicid Berserker began the quest for the Orb.
     0 | D:1      | Reached XP level 1. HP: 18/18 MP: 1/1
   286 | D:1      | Reached XP level 2. HP: 8/24 MP: 2/2
   922 | D:1      | Reached XP level 3. HP: 25/29 MP: 3/3
  1111 | D:1      | Acquired Trog's second power
  1633 | D:1      | Gained mutation: You are covered in fur (AC +1). [potion of mutation]
  1633 | D:1      | Gained mutation: You have large cloven feet. [potion of mutation]
  1633 | D:1      | Gained mutation: Potions and wands are less effective at restoring your health. [potion of mutation]
  1643 | D:1      | Reached skill level 4 in Axes
  1653 | D:1      | Reached XP level 4. HP: 3/36 MP: 4/4
  1968 | D:2      | Found a faded altar to an unknown god.
  2314 | D:2      | Found a white marble altar of Elyvilon.
  2423 | D:3      | Reached XP level 5. HP: 35/42 MP: 5/5
  2514 | D:3      | Reached skill level 5 in Axes
  2519 | D:3      | Found a glowing drain.
  2523 | Sewer    | Entered a sewer
  2679 | Sewer    | HP: 1/42 [adder (3)]
  2684 | Sewer    | Slain by an adder

Vault maps used:
D:1:      kilobyte_arrival_exit_the_forest, hangedman_decor_clover_reticule,
          minmay_misc_feat_hallway
D:2:      elyvilon_altar_5, ecumenical_altar_2
D:3:      gup_sewer_entry_spiral
Sewer:    sewer_co_15_rooms

Action                   |  1- 3 |  4- 6 || total
-------------------------+-------+-------++-------
Melee: Hand axe          |    94 |   195 ||   289
Invok: Trog's Hand       |     1 |     1 ||     2
  Use: Potion            |     2 |     3 ||     5
       Scroll            |       |     1 ||     1
 Stab: Sleeping          |     1 |       ||     1
  Eat: Chunk             |     2 |       ||     2
       Bread ration      |       |     1 ||     1
